Unix NetHack Version 3.7.0-86 Work-in-progress - last build May 30 2023 11:53:40 (cc98dc9aa62a9957b082a042edf5bd7ec9f632c7,branch:master). Game began 2023-07-04 08:09:39, ended 2023-07-17 01:33:10. Grasshopper, neutral female human Wizard --------- |.......| ----- |.......| ----- U .[.| |..._...| |... ---------.&-- ------- |.......| ------- --).--------- |..w.w..|)).-- --....... | |.......| | .......-- --...|.[.....| |.wTd.[.|)$).---......... |% ----.---- .| .......[.---)...|)......| U |.w@@ww[+.")..-.......... |..........)..| .....).[.$-)....-..._...| |Aw.ww.w|[[..---..../.... ---.........--- .........---....|.......| |.w.ww..|.).-- -..)....- -----%----- -.......-- --...|.......| ---------..-- ----*---- -...%...-- ----.---- --..--------- ....| -----..%------- ....%....--------"..-- |... ------ ..............| ..........|....)....... ----- .......).%....--....%....--............ ........=......--..$$...--............ .....0..0......----%----.../......... ...)...............%...[)..)........ ------------------------------------ Grasshopper the Mage St:18/** Dx:18 Co:18 In:23 Wi:23 Ch:18 Neutral S:1547600 Astral Plane $:0 HP:573(573) Pw:260(552) AC:-51 Xp:30/100040272 T:79972 Latest messages: What do you want to use or apply? [cfijnqs-uwyCKMOPUZ or ?*] q You produce a strange whistling sound. Many creatures shift locations. The purple worm picks up 21 gold pieces. The purple worm drops a large shield. You hear a rumbling noise. What do you want to use or apply? [cfijnqs-uwyCKMOPUZ or ?*] s In what direction? 3 Status of Em (chaotic, large): Level 23 HP 184(184) AC -18, tame, fast. What do you want to use or apply? [cfijnqs-uwyCKMOPUZ or ?*] i What do you want to use or apply? [cfijnqs-uwyCKMOPUZ or ?*] q You produce a strange whistling sound. Many creatures shift locations. The purple worm drops 21 gold pieces. The purple worm drops a long sword. The purple worm drops a mace. The guardian Angel of Thoth picks up a long sword. What do you want to use or apply? [cfijnqs-uwyCKMOPUZ or ?*] q You produce a strange whistling sound. Many creatures shift locations. What do you want to use or apply? [cfijnqs-uwyCKMOPUZ or ?*] q You produce a strange whistling sound. Many creatures shift locations. The purple worm drops a mace. The purple worm picks up a long sword. What do you want to use or apply? [cfijnqs-uwyCKMOPUZ or ?*] q You produce a strange whistling sound. Many creatures shift locations. What do you want to use or apply? [cfijnqs-uwyCKMOPUZ or ?*] q You produce a strange whistling sound. Many creatures shift locations. The purple worm picks up a large shield. The purple worm drops a long sword. The purple worm picks up a mace. The purple worm drops a large shield. What do you want to use or apply? [cfijnqs-uwyCKMOPUZ or ?*] s In what direction? 8 Status of Buster (neutral, medium): Level 8 HP 54(64) AC 4, tame, fast. What do you want to sacrifice? [g or ?*] g You offer the Amulet of Yendor to Thoth... An invisible choir sings, and you are bathed in radiance... The voice of Thoth rings out: "Mortal, thou hast done well!" "In return for thy service, I grant thee the gift of Immortality!" You ascend to the status of Demigoddess... Do you want your possessions identified? [ynq] (y) y Do you want to see your attributes? [ynq] (y) y Do you want an account of creatures vanquished? [ynaq] (y) y Do you want a list of species genocided and extinct? [ynaq] (y) y Do you want to see your conduct and achievements? [ynq] (y) y Do you want to see the dungeon overview? [ynq] (y) y Inventory: Amulets ('"') I - the blessed Eye of the Aethiopica Q - an uncursed amulet of life saving (being worn) Weapons (')') a - the blessed rustproof +7 Magicbane d - 12 blessed poisoned rustproof +7 darts named +7 (at the ready) m - the blessed rustproof +7 Fire Brand (weapon in hand) r - a blessed rustproof +7 dart named +7 z - 5 blessed +7 silver daggers named +7 Armor ('[') b - a blessed greased fireproof +4 cloak of protection (being worn) B - a blessed fireproof +5 pair of water walking boots (being worn) D - a blessed fireproof +5 small shield (being worn) G - a blessed fireproof +4 pair of leather gloves (being worn) H - a blessed greased +5 helm of brilliance (being worn) S - a blessed +4 silver dragon scale mail (being worn) T - a blessed +5 Hawaiian shirt with a water nymph motif (being worn) Comestibles ('%') F - an uncursed lizard corpse named Lizard of Oz V - an uncursed K-ration Wands ('/') f - an uncursed wand of death (0:4) j - an uncursed wand of slow monster (0:4) n - an uncursed wand of sleep (0:4) w - a blessed wand of teleportation named 2 (0:1) C - an uncursed wand of cold (0:8) K - an uncursed wand of speed monster (1:3) M - an uncursed wand of teleportation (0:6) Z - an uncursed wand of digging (0:7) Rings ('=') e - a blessed +4 ring of increase damage (on right hand) k - a blessed ring of free action R - an uncursed +5 ring of increase damage (on left hand) Potions ('!') h - an uncursed potion of full healing Tools ('(') c - a blessed skeleton key i - a blessed greased bag of holding containing 123 items q - a blessed magic whistle s - a blessed stethoscope t - a blessed moist towel u - a blessed +0 unicorn horn y - a blessed magic harp (1:1) O - the uncursed Candelabrum of Invocation (7 of 7 candles, lit) P - the blessed Platinum Yendorian Express Card U - a blessed oilskin sack named <<< CANCELLATION >>> containing 2 items Gems/Stones ('*') N - a blessed luckstone Contents of the bag of holding: an uncursed amulet of flying an uncursed amulet of life saving a blessed amulet of magical breathing an uncursed amulet of reflection a blessed amulet of unchanging a blessed poisoned rustproof +7 dart named +7 21 blessed poisoned rustproof +7 darts named +7 6 blessed +7 silver daggers named +7 the blessed rustproof +7 Frost Brand the uncursed +4 Giantslayer the uncursed +8 Vorpal Blade an uncursed +0 helm of opposite alignment an uncursed +0 cloak of magic resistance a blessed +2 mummy wrapping an uncursed +0 robe an uncursed pineapple an uncursed apple 3 blessed eucalyptus leaves 2 uncursed fortune cookies 5 uncursed K-rations 2 uncursed lembas wafers 2 uncursed lumps of royal jelly an uncursed pancake 5 uncursed tripe rations 2 blessed tins of chameleon meat 2 blessed tins of spinach 3 blessed cockatrice eggs 2 blessed eggs named chook 3 uncursed eggs named chook 3 blessed scrolls of blank paper an uncursed scroll of blank paper a cursed scroll of blank paper 4 blessed scrolls of charging a blessed scroll of create monster 3 uncursed scrolls of create monster 2 blessed scrolls of genocide a cursed scroll of genocide 5 blessed scrolls of gold detection a blessed scroll of remove curse a blessed scroll of taming 2 cursed scrolls of teleportation an uncursed wand of cold (0:7) an uncursed wand of cold (0:6) an uncursed wand of cold (0:6) an uncursed wand of cold (0:6) an uncursed wand of create monster (0:15) an uncursed wand of death (0:3) an uncursed wand of death (0:7) an uncursed wand of death (0:2) a blessed wand of digging (0:8) an uncursed wand of digging (0:8) an uncursed wand of digging (0:8) an uncursed wand of digging (0:7) an uncursed wand of digging (0:7) an uncursed wand of digging (0:7) an uncursed wand of fire (0:6) an uncursed wand of fire (0:5) an uncursed wand of light (0:12) an uncursed wand of lightning (0:5) an uncursed wand of lightning (0:7) an uncursed wand of lightning (0:7) an uncursed wand of lightning (0:4) an uncursed wand of locking (0:6) an uncursed wand of magic missile (0:5) an uncursed wand of polymorph (0:8) an uncursed wand of polymorph (0:5) an uncursed wand of probing (1:6) an uncursed wand of probing (3:3) an uncursed wand of probing named 1 (0:2) an uncursed wand of secret door detection named 1 (0:10) an uncursed wand of sleep (1:11) an uncursed wand of sleep (0:8) an uncursed wand of sleep (0:6) an uncursed wand of sleep (0:5) an uncursed wand of slow monster (0:3) an uncursed wand of speed monster (0:6) an uncursed wand of speed monster (0:7) an uncursed wand of speed monster (1:4) an uncursed wand of striking (0:8) an uncursed wand of striking (0:8) a blessed wand of teleportation (0:1) an uncursed wand of teleportation (0:6) an uncursed wand of teleportation (0:7) an uncursed wand of teleportation (0:7) an uncursed wand of teleportation (0:6) an uncursed wand of teleportation (0:5) an uncursed wand of teleportation (0:4) an uncursed wand of teleportation (1:4) an uncursed wand of teleportation (0:4) an uncursed wand of teleportation (0:4) an uncursed wand of teleportation (0:2) an uncursed wand of teleportation named 1 (0:1) an uncursed wand of teleportation (0:1) an uncursed wand of undead turning named 1 (0:7) an uncursed wand of wishing (1:0) an uncursed +3 ring of adornment an uncursed ring of conflict a blessed ring of hunger an uncursed ring of levitation a blessed ring of polymorph a blessed ring of polymorph control a blessed +5 ring of protection an uncursed +1 ring of protection an uncursed ring of protection from shape changers an uncursed ring of regeneration an uncursed ring of searching an uncursed ring of shock resistance an uncursed ring of slow digestion 4 blessed potions of full healing 5 potions of holy water an uncursed sack named 7 containing 1 item an uncursed magic harp (0:6) an uncursed magic marker (1:8) a blessed oil lamp an uncursed pair of lenses a blessed wax candle 6 uncursed wax candles an uncursed amber stone an uncursed amethyst stone an uncursed amethyst stone an uncursed aquamarine stone an uncursed jade stone an uncursed luckstone Contents of the sack named 7: an uncursed sack named 6 containing 1 item Contents of the sack named 6: an uncursed sack named 5 containing 1 item Contents of the sack named 5: an uncursed sack named 4 containing 1 item Contents of the sack named 4: an uncursed sack named 3 containing 1 item Contents of the sack named 3: an uncursed sack named 2 containing 1 item Contents of the sack named 2: an uncursed sack named 1 containing 1 item Contents of the sack named 1: a blessed bag of holding containing 28 items Contents of the bag of holding: a blessed amulet of flying an uncursed amulet of life saving an uncursed amulet of life saving an uncursed amulet of life saving an uncursed amulet of life saving a blessed amulet of reflection 21 uncursed agate stones 18 uncursed amber stones 22 uncursed amethyst stones 17 uncursed aquamarine stones 6 uncursed black opals 22 uncursed chrysoberyl stones 20 uncursed citrine stones 8 uncursed diamonds 12 uncursed dilithium crystals 35 uncursed emeralds 26 uncursed fluorite stones 25 uncursed garnet stones an uncursed jacinth stone 29 uncursed jade stones 26 uncursed jasper stones 37 uncursed jet stones 34 uncursed obsidian stones 26 uncursed opals 14 uncursed rubies 3 uncursed sapphires 21 uncursed topaz stones 30 uncursed turquoise stones Contents of the oilskin sack named <<< CANCELLATION >>>: an uncursed scroll of scare monster an uncursed wand of cancellation (0:6) Grasshopper the Wizard's attributes: Background: You were a Mage, a level 30 female human Wizard. You were neutral, on a mission for Thoth who was opposed by Ptah (lawful) and Anhur (chaotic). You were in the endgame, on the Astral Plane. You entered the dungeon 79972 turns ago. It was nighttime. You had 100040272 experience points. Your score was 1547600 before end-of-game adjustments. Basics: You had all 573 hit points. You had 260 out of 552 energy points (spell power). Your armor class was -51. Your wallet was empty. Autopickup was off. Final Characteristics: Your strength was 18/100 (limit:18/100). Your dexterity was 18 (limit:18). Your constitution was 18 (limit:18). Your intelligence was 23 (base:18, innate limit:18). Your wisdom was 23 (base:18, innate limit:18). Your charisma was 18 (limit:18). Final Status: You were not hungry. You were unencumbered. You were wielding a long sword. You had basic skill with long sword. Final Attributes: You were the Envoy of Balance. You were piously aligned. You were magic-protected. You were fire resistant. Your items were protected from fire. You were cold resistant. You were sleep resistant. You were disintegration resistant. You were shock resistant. You were poison resistant. You saw invisible. You were telepathic. You were warned. You were invisible to others. You were stealthy. You aggravated monsters. You could teleport. You had teleport control. You could walk on water. You had a large damage bonus (+9). You had a large defense bonus (+13). You were protected. You took half spell damage. You were very fast. You had reflection. Your life would have been saved. You were extremely lucky. You had extra luck. Good luck did not time out for you. You survived. Miscellaneous: You never encountered a bones level. Total elapsed playing time was 3 days, 5 hours, 49 minutes and 35 seconds. Major events: Turn 1: Grasshopper the neutral female human Wizard entered the dungeon 975: entered the Gnomish Mines 979: attained the rank of Conjurer (level 3) 2176: reached Mine Town 3079: attained the rank of Thaumaturge (level 6) 14175: acquired the Mines' End luckstone 14242: attained the rank of Magician (level 10) 16754: entered Sokoban 17158: completed 1st Sokoban level 17860: completed 2nd Sokoban level 18347: completed 3rd Sokoban level 19683: completed 4th Sokoban level 22335: read a Discworld novel 34128: was bestowed with Magicbane by Thoth 35824: acquired the Sokoban bag of holding 36512: was bestowed with Frost Brand by Thoth 39019: attained the rank of Enchantress (level 14) 43521: became Thoth's Envoy of Balance 43521: was bestowed with spellbook of finger of death 49777: performed her first genocide (master mind flayers) 50187: made her first wish - "blessed fixed platinum yendorian express card", got "a credit card named the Platinum Yendorian Express Card" 53014: attained the rank of Sorceress (level 18) 53216: entered Gehennom 54165: killed Medusa 57698: killed the Dark One 57702: found the Eye of the Aethiopica on the floor 57702: acquired the Bell of Opening 57788: was bestowed with Fire Brand by Thoth 61650: killed Croesus 64446: attained the rank of Necromancer (level 22) 64751: killed Juiblex 67696: killed Asmodeus 71124: wished for "blessed greased fireproof +5 cloak of protection", got "a greased piece of cloth" 71143: genocided class m 73274: killed Orcus 74842: destroyed Vlad the Impaler 74844: acquired the Candelabrum of Invocation 75348: wished for "uncursed magic marker", got "a magic marker" 76504: killed the Wizard of Yendor 76508: acquired the Book of the Dead 76533: performed the invocation 76538: genocided class L 76766: killed the invisible high priest of Moloch 76767: acquired The Amulet of Yendor 76810: killed the Wizard of Yendor (2nd time) 76867: attained the rank of Wizard (level 26) 77231: killed the Wizard of Yendor (3rd time) 77412: killed Baalzebub 78549: chose an elven broadsword to be named "Orcrist" 78630: attained the rank of Mage (level 30) 78631: wished for "2 blessed potions of enlightenment", got "2 potions of enlightenment" 79037: killed the Wizard of Yendor (5th time) 79570: entered the Elemental Planes 79570: entered Plane of Earth 79625: entered Plane of Air 79687: entered Plane of Fire 79734: entered Plane of Water 79740: genocided class ; 79800: entered the Astral Plane 79838: found Vorpal Blade carried by a monster 79840: killed Death 79868: killed Death (2nd time) 79890: killed Pestilence 79911: killed Famine 79915: found Giantslayer carried by a monster 79927: killed Famine (2nd time) 79972: ascended Vanquished creatures: Asmodeus Baalzebub Orcus Juiblex the Wizard of Yendor (8 times) Death (twice) Pestilence Famine (twice) Vlad the Impaler an arch-lich a high cleric a mastodon Medusa Croesus 15 krakens 2 iron golems a master lich a ki-rin 12 storm giants 2 titans 3 glass golems 2 balrogs 3 purple worms 3 gray dragons 3 gold dragons 7 silver dragons 7 red dragons 3 white dragons 4 orange dragons 5 black dragons a blue dragon 5 green dragons 4 yellow dragons 27 minotaurs 5 jabberwocks the Dark One 8 baluchitheria 35 Angels 9 demiliches 9 stone golems 4 Olog-hai 3 Nazgul 7 pit fiends 5 sandestins 6 hell hounds 5 displacer beasts 12 titanotheres 4 trappers a baby white dragon a baby orange dragon a baby blue dragon a guardian naga 5 genetic engineers 4 disenchanters 33 vampire leaders 4 skeletons 4 shopkeepers 2 prisoners 41 aligned clerics 6 captains 6 shades 12 liches 2 clay golems 14 nurses 6 ice devils 6 nalfeshnees 6 lurkers above 4 Aleaxes 8 frost giants 5 ettins 4 golden nagas 17 black puddings 25 vampires 9 lieutenants 33 ghosts a cave dweller a knight a rogue 2 wizards 3 queen bees 6 winged gargoyles 4 mind flayers 13 giant mimics 11 long worms 8 zruties 11 fire giants 7 ogre tyrants 4 ice trolls 13 rock trolls 5 umber hulks 21 flesh golems 9 elven monarchs 6 doppelgangers 7 hezrous 13 bone devils 11 large mimics 7 wumpuses a fire vortex 3 couatls 20 stalkers 9 air elementals 6 fire elementals 2 earth elementals 13 water elementals 7 hill giants 3 giant mummies 3 black nagas 21 xorns 18 giant zombies 16 elf-nobles 35 sergeants 5 barbed devils 5 vrocks 4 salamanders 9 wargs 5 winter wolves 2 hell hound pups 23 small mimics 4 glass piercers 5 warhorses a steam vortex 6 xans 10 ettin mummies 7 ogre leaders 10 quantum mechanics 10 trolls 3 sasquatches 2 wood golems 3 erinyes 5 mariliths 2 djinn 8 sharks 14 electric eels 6 gelatinous cubes 10 pyrolisks 6 large dogs 4 freezing spheres 5 flaming spheres 9 shocking spheres 4 large cats 8 tigers 10 gargoyles 6 dwarf rulers 30 tengu 20 ochre jellies 10 leocrottas 8 energy vortices 7 mountain centaurs 10 stone giants 8 elf mummies 7 human mummies 9 red nagas 4 green slimes 2 pythons 6 pit vipers 8 cobras 54 wraiths 8 carnivorous apes 22 ettin zombies 6 leather golems 22 Grey-elves 120 soldiers 3 watchmen 10 amorous demons 4 horned devils 12 chameleons 5 crocodiles 23 giant beetles 11 quivering blobs 36 cockatrices 25 wolves 11 winter wolf cubs 5 lynxes 5 panthers 51 gremlins 5 spotted jellies 107 leprechauns an orc-captain 9 iron piercers 7 mumakil 8 giant spiders 10 scorpions 8 horses 3 ice vortices 11 black lights 81 vampire bats 7 forest centaurs 10 gnome rulers 7 orc mummies 3 dwarf mummies 8 ogres 15 brown puddings 20 rust monsters 21 owlbears 7 yetis 10 gold golems 4 werewolves 17 Green-elves 6 piranha 25 giant eels 26 lizards 7 chickatrices 3 dingoes 2 dogs 3 housecats 8 jaguars 14 dwarf leaders 7 blue jellies 9 white unicorns 2 gray unicorns 6 black unicorns 11 dust vortices 19 ravens 8 plains centaurs 5 gnome mummies 10 snakes 12 apes 29 human zombies 5 rope golems 13 Woodland-elves 23 soldier ants 11 fire ants 22 bugbears 8 imps 3 lemures 14 quasits 10 wood nymphs 7 water nymphs 14 mountain nymphs 16 Mordor orcs 48 Uruk-hai 7 orc shamans 15 rock piercers 6 rock moles 8 ponies 11 fog clouds 23 yellow lights 10 violet fungi 22 gnome leaders 18 gnomish wizards 4 kobold mummies a golden naga hatchling a guardian naga hatchling 10 gray oozes 3 barrow wights 23 elf zombies 13 ghouls 3 straw golems 6 paper golems 7 jellyfish 44 giant ants 2 little dogs 14 floating eyes a kitten 35 dwarves 11 homunculi 4 kobold leaders 3 kobold shamans 44 hill orcs 41 rothes 7 rabid rats 7 centipedes 23 giant bats 4 monkeys 39 orc zombies 16 dwarf zombies 2 wererats a werejackal 21 iguanas 118 killer bees 13 acid blobs 11 coyotes 4 gas spores 11 hobbits 40 manes 2 large kobolds 28 hobgoblins 24 giant rats 18 cave spiders 5 brown molds 7 yellow molds 5 green molds 6 red molds 82 gnomes 9 garter snakes 18 gnome zombies 17 geckos 21 jackals a fox 8 kobolds 10 goblins 8 sewer rats 14 grid bugs 14 bats 16 lichens 24 kobold zombies 16 newts 3445 creatures vanquished. Genocided or extinct species: arch-liches krakens master liches demiliches master mind flayers liches giant mimics large mimics small mimics erinyes (extinct) sharks electric eels soldiers (extinct) piranha giant eels jellyfish killer bees (extinct) 14 species genocided. 3 species extinct. Voluntary challenges: You read items or engraved 255 times. You never engraved Elbereth. You genocided 14 types of monsters. You used 4 wishes (1 for an artifact). You did not violate any of the special Sokoban rules. Achievements: You entered a shop. You entered the Gnomish Mines. You attained the rank of Conjurer. You entered Minetown. You entered a temple. You attained the rank of Thaumaturge. You completed the Gnomish Mines. You attained the rank of Magician. You entered Sokoban. You read from a Discworld novel. You completed Sokoban. You attained the rank of Enchantress. You attained the rank of Sorceress. You entered Gehennom. You defeated Medusa. You handled the Bell of Opening. You attained the rank of Necromancer. You had the Candelabrum of Invocation. You handled the Book of the Dead. You gained access to Moloch's Sanctum. You attained the rank of Wizard. You attained the rank of Mage. You reached the Elemental Planes. You reached the Astral Plane. You delivered the Amulet of Yendor. You ascended! The Elemental Planes: Astral Plane: <- You are here. Many temples. Plane of Water: Plane of Fire: Plane of Air: Plane of Earth: The Dungeons of Doom: levels 1 to 29 Level 1: One way stairs up to The Elemental Planes. Level 2: A general store, some fountains. Level 3: "stash at mines entry" An untended shop, some fountains. Stairs down to The Gnomish Mines. Level 4: An untended shop, a fountain. Level 5: Level 6: A fountain. Level 7: "Oracle" Oracle of Delphi. Level 8: "u" A general store, a fountain. Stairs up to Sokoban, level 7. Level 9: "LAIR" An altar to Thoth, a fountain. Level 10: Some fountains. Level 11: "poly" A fountain. Level 12: "junkstash in chest" Portal to Fort Ludios. Level 13: "-s" Level 14: Some fountains. Portal to The Quest. Level 15: A fountain. Level 16: A primitive area. Level 17: Level 18: "lp" A temple to Thoth, many fountains. Level 19: A general store. Level 20: "lp" Many fountains. Level 21: Level 22: Some shops. Level 23: "c nest" A fountain. Level 24: Level 25: Level 26: "Medusa" Level 27: Level 28: Level 29: "junk stash" A fountain. The castle. Connection to Gehennom. Gehennom: levels 30 to 51 Level 30: "c" A temple, many graves. Valley of the Dead. Level 31: "Asmo" Level 32: Level 33: "Jubes" A fountain. Level 34: Level 35: Level 36: Level 37: Level 38: "Baalz" Level 39: Level 40: "Orcus" Some shops, an altar, many graves. Stairs up to Vlad's Tower, level 39. Level 41: "c" Level 42: "c" Level 43: "Rodney" Level 44: Level 45: "wiz bottom" Level 46: Level 47: Level 48: "wiz portal" Level 49: "c" Level 50: "VS poly" Level 51: A temple, many graves. Moloch's Sanctum. The Gnomish Mines: levels 4 to 11 Level 4: Level 5: Level 6: "MT -s" Many shops, a temple to Thoth, some fountains, a sink. Level 7: Level 8: "poly" Level 9: Level 10: Level 11: The Quest: levels 1 to 5 Level 1: Completed quest for Neferet the Green. Level 2: Level 3: "poly" Level 4: Level 5: A temple to Thoth. Sokoban: levels 7 up to 4 Level 4: Solved. Level 5: Solved. Level 6: Solved. Level 7: Solved. Fort Ludios: Level 1: Vlad's Tower: levels 39 up to 37 Level 37: Level 38: Level 39: Goodbye Grasshopper the Demigoddess... You and the purple worm and Em and Buster and the purple worm and the purple worm went to your reward with 3719347 points, Magicbane (worth 3500 zorkmids and 8750 points) Giantslayer (worth 200 zorkmids and 500 points) Vorpal Blade (worth 4000 zorkmids and 10000 points) Frost Brand (worth 3000 zorkmids and 7500 points) Fire Brand (worth 3000 zorkmids and 7500 points) The Eye of the Aethiopica (worth 4000 zorkmids and 10000 points) The Candelabrum of Invocation (worth 5000 zorkmids and 12500 points) The Platinum Yendorian Express Card (worth 7000 zorkmids and 17500 points) 37 jet stones (worth 31450 zorkmids), 35 emeralds (worth 87500 zorkmids), 34 obsidian stones (worth 6800 zorkmids), 30 turquoise stones (worth 60000 zorkmids), 30 jade stones (worth 9000 zorkmids), 26 opals (worth 20800 zorkmids), 26 jasper stones (worth 13000 zorkmids), 26 fluorite stones (worth 10400 zorkmids), 25 garnet stones (worth 17500 zorkmids), 24 amethyst stones (worth 14400 zorkmids), 22 chrysoberyl stones (worth 15400 zorkmids), 21 topaz stones (worth 18900 zorkmids), 21 agate stones (worth 4200 zorkmids), 20 citrine stones (worth 30000 zorkmids), 19 amber stones (worth 19000 zorkmids), 18 aquamarine stones (worth 27000 zorkmids), 14 rubies (worth 49000 zorkmids), 12 dilithium crystals (worth 54000 zorkmids), 8 diamonds (worth 32000 zorkmids), 6 black opals (worth 15000 zorkmids), 3 sapphires (worth 9000 zorkmids), 1 jacinth stone (worth 3250 zorkmids), 6 amulets of life saving (worth 900 zorkmids), 2 amulets of reflection (worth 300 zorkmids), 2 amulets of flying (worth 300 zorkmids), 1 amulet of unchanging (worth 150 zorkmids), 1 amulet of magical breathing (worth 150 zorkmids), and 0 pieces of gold, after 79972 moves. You were level 30 with a maximum of 573 hit points when you ascended.